[Event "Titled Tuesday Blitz June 20 Early 2023"]
[White "Tanmay Jain"]
[Black "Beerdsen, Thomas"]
[WhiteFideId "45015481"]
[BlackFideId "1030108"]
[WhiteElo "2032"]
[BlackElo "2553"]
[Result "0-1"]
[Round "1"]
[TimeControl "180+2"]
[Date "2023.06.20"]
[WhiteClock "0:00:07"]
[BlackClock "0:01:03"]
[Board "68"]

1. e4 e5 2. Nf3 Nc6 3. Bb5 f5 4. d3 fxe4 5. dxe4 Nf6 6. Nc3 Bb4 7. O-O Bxc3 8. bxc3 d6 9. Re1 O-O 10. Bc4+ Kh8 11. Bd3 Qe8 12. h3 Nh5 13. Nh2 Qg6 14. Ng4 Nf4 15. Bxf4 Rxf4 16. f3 Be6 17. Qe2 Raf8 18. Kh2 h5 19. Ne3 Qg5 20. Qf2 Ne7 21. Be2 Ng6 22. Qg1 Rh4 23. Bf1 Nf4 24. Qf2 Ng6 25. Nd1 Rhf4 26. Qg3 Qh6 27. Qf2 Nh4 28. Be2 b6 29. Qg3 R8f6 30. Qf2 Rxe4 31. Bd3 Rxe1 32. Qxh4 Qf4+ 33. Qxf4 Rxf4 34. Kg3 Ra4 35. Kf2 Rh1 36. a3 Ra5 37. Ke2 d5 38. Kf2 Bg8 39. Ke2 Bh7 40. Kf2 Bxd3 41. cxd3 c5 42. Ke2 b5 43. Kf2 b4 44. cxb4 cxb4 45. a4 b3 46. Ke3 b2 47. Rb1 Rxa4 48. Kd2 Ra1 0-1


[Site "https://www.chess.com"]

[Event "Titled Tuesday Blitz June 20 Early 2023"]
[White "Simonian, Hrair"]
[Black "Moskvin, Anatoly"]
[WhiteFideId "13302337"]
[BlackFideId "24199990"]
[WhiteElo "2447"]
[BlackElo "2104"]
[Result "1-0"]
[Round "1"]
[TimeControl "180+2"]
[Date "2023.06.20"]
[WhiteClock "0:00:13"]
[BlackClock "0:00:16"]
[Board "69"]

1. e4 e5 2. Nf3 Nc6 3. Bb5 Nge7 4. O-O a6 5. Ba4 d6 6. Nc3 Bd7 7. Bb3 Ng6 8. d4 Be7 9. dxe5 dxe5 10. Nd5 h6 11. Nxe7 Qxe7 12. h3 Rd8 13. Qe2 O-O 14. c3 Be6 15. Bxe6 Qxe6 16. Be3 Rd7 17. b3 Rfd8 18. Rfd1 Nf4 19. Bxf4 exf4 20. Rxd7 Qxd7 21. Re1 Qd3 22. e5 Qxe2 23. Rxe2 Rd3 24. c4 Rd1+ 25. Kh2 Nb4 26. h4 Nd3 27. h5 Rf1 28. g3 Ra1 29. Kg2 Kf8 30. Rd2 Nb4 31. gxf4 Rxa2 32. Rd7 c5 33. e6 fxe6 34. Ne5 Nc6 35. Ng6+ Kg8 36. Rxb7 Rd2 37. Rc7 Rd6 38. Rc8+ Nd8 39. Rxc5 Kf7 40. Rc7+ Kf6 41. Ne5 Rb6 42. Rd7 Rb8 43. c5 Kf5 44. Kg3 Rxb3+ 45. f3 Rb8 46. c6 Nxc6 47. Rf7# 1-0


[Site "https://www.chess.com"]

[Event "Titled Tuesday Blitz June 20 Early 2023"]
[White "Rohde, Michael"]
[Black "Hammer, Jon Ludvig"]
[WhiteFideId "2000172"]
[BlackFideId "1503707"]
[WhiteElo "2274"]
[BlackElo "2592"]
[Result "0-1"]
[Round "1"]
[TimeControl "180+2"]
[Date "2023.06.20"]
[WhiteClock "0:00:00"]
[BlackClock "0:00:03"]
[Board "70"]

1. Nf3 d5 2. c4 d4 3. a3 a5 4. e3 Nc6 5. exd4 Nxd4 6. Nxd4 Qxd4 7. Nc3 Nh6 8. Nb5 Qd7 9. d4 c6 10. Nc3 Nf5 11. d5 e5 12. Bd3 Nd4 13. O-O Bd6 14. Na4 Bc7 15. Be3 O-O 16. Nc5 Qe7 17. Ne4 f5 18. Bg5 Qf7 19. Nc3 Bd7 20. Be3 Rae8 21. Bxd4 exd4 22. Ne2 cxd5 23. cxd5 Qxd5 24. Rc1 Qd6 25. Ng3 Bc6 26. b4 axb4 27. axb4 Qxb4 28. Nxf5 Qa5 29. Nxd4 Qe5 30. g3 Bb6 31. Nxc6 bxc6 32. Qc2 c5 33. Bxh7+ Kh8 34. Rce1 Qf6 35. Bg6 Rxe1 36. Rxe1 c4 37. Rf1 c3 38. Be4 Bd4 39. Qe2 g6 40. Qg4 Kg7 41. h4 Kh6 0-1


[Site "https://www.chess.com"]

[Event "Titled Tuesday Blitz June 20 Early 2023"]
[White "Mikhailovsky, Vladimir"]
[Black "LangesNasenhaar"]
[WhiteFideId "34105414"]
[WhiteElo "2244"]
[BlackElo "2467"]
[Result "1-0"]
[Round "1"]
[TimeControl "180+2"]
[Date "2023.06.20"]
[WhiteClock "0:00:20"]
[BlackClock "0:00:56"]
[Board "71"]

1. e4 d6 2. d4 Nf6 3. Nc3 Nbd7 4. f4 e5 5. Nf3 exd4 6. Qxd4 c6 7. Be3 d5 8. e5 Bc5 9. Qd2 Bxe3 10. Qxe3 Ng4 11. Qd2 Qb6 12. O-O-O Nc5 13. Nd4 Ne4 14. Nxe4 dxe4 15. Re1 e3 16. Qc3 O-O 17. h3 Rd8 18. hxg4 Qxd4 19. Bd3 g6 20. f5 Qxg4 21. e6 Qd4 22. Qxd4 Rxd4 23. exf7+ Kxf7 24. Rxh7+ Kf6 25. fxg6 Bd7 26. Rf7+ Kg5 27. g7 Rg8 28. Bh7 Bg4 29. Bxg8 e2 30. Rf3 Kg6 31. Rxe2 Bxf3 32. gxf3 Kxg7 33. Be6 Kf6 34. Bg4 Rd6 35. c3 Kg5 36. Re7 1-0


[Site "https://www.chess.com"]

[Event "Titled Tuesday Blitz June 20 Early 2023"]
[White "Nikolova, Adriana"]
[Black "Mendonca, Leon Luke"]
[WhiteFideId "2908689"]
[BlackFideId "35028561"]
[WhiteElo "2213"]
[BlackElo "2464"]
[Result "1-0"]
[Round "1"]
[TimeControl "180+2"]
[Date "2023.06.20"]
[WhiteClock "0:00:05"]
[BlackClock "0:00:00"]
[Board "72"]

1. e4 Nf6 2. e5 Ng8 3. d4 d6 4. Nf3 Bg4 5. Be2 e6 6. exd6 Bxd6 7. O-O Nf6 8. h3 Bh5 9. c4 O-O 10. Nc3 c6 11. Bg5 Nbd7 12. Qd2 Qa5 13. Rfe1 Rfe8 14. a3 Qc7 15. b4 h6 16. Be3 Rad8 17. Rad1 e5 18. dxe5 Nxe5 19. Nd4 Bg6 20. Qa2 a6 21. Nf3 Nxf3+ 22. Bxf3 Bh2+ 23. Kh1 Bf4 24. Bxf4 Qxf4 25. Rxe8+ Rxe8 26. Ne2 Qe5 27. Ng3 Qc3 28. Ne2 Qe5 29. Ng3 h5 30. Qd2 h4 31. Nf1 Be4 32. Re1 Qf5 33. Nh2 Bd3 34. Rxe8+ Nxe8 35. c5 Nf6 36. Ng4 Nd7 37. Qe3 Kf8 38. Qd4 Nf6 39. Qd8+ Ne8 40. Qxh4 Bc4 41. Qh8+ Ke7 42. Ne3 Qb1+ 43. Kh2 Be6 44. Qh4+ Kf8 45. Bg4 Qb3 46. Bxe6 Qxe6 47. Qh8+ Ke7 48. Qh4+ Nf6 49. Qg3 Qd7 50. Qe5+ Kf8 51. Nf5 1-0


[Site "https://www.chess.com"]

[Event "Titled Tuesday Blitz June 20 Early 2023"]
[White "Goltsev, Dmitry"]
[Black "Zeman, Matyas"]
[WhiteFideId "24176710"]
[BlackFideId "364398"]
[WhiteElo "2356"]
[BlackElo "2254"]
[Result "1-0"]
[Round "1"]
[TimeControl "180+2"]
[Date "2023.06.20"]
[WhiteClock "0:00:07"]
[BlackClock "0:00:03"]
[Board "73"]

1. e3 Nf6 2. d4 d5 3. Nf3 c6 4. c4 e6 5. Nc3 Nbd7 6. Bd3 Bd6 7. O-O O-O 8. e4 dxc4 9. Bxc4 e5 10. Bg5 Qc7 11. h3 h6 12. Bh4 exd4 13. Nxd4 Ne5 14. Bb3 g5 15. Bg3 Ng6 16. Ndb5 cxb5 17. Nxb5 Bxg3 18. Nxc7 Bxc7 19. Qc2 Be5 20. Rad1 Bd7 21. Qe2 Bc6 22. Rfe1 Nf4 23. Qc2 Rac8 24. Qb1 Kg7 25. Bd5 Rfd8 26. b4 a6 27. Qb3 Rc7 28. a4 N4xd5 29. exd5 Bxd5 30. Qe3 Bc3 31. Qb6 Rdc8 32. Re3 Be6 33. Red3 Be5 34. g3 Bxh3 35. Re1 Bc3 36. Red1 Be6 37. b5 a5 38. Qe3 Bb4 39. Kg2 g4 40. Qe5 Rc5 41. Qa1 Rf5 42. Rf1 h5 43. Kg1 Kg6 44. Rd4 Rc2 45. Rf4 Rxf4 46. gxf4 Bc5 47. Qe5 b6 48. Qg5+ Kh7 49. Qxf6 g3 50. Qg5 gxf2+ 51. Kg2 Bd5+ 52. Qxd5 Rc3 53. Qxh5+ Kg7 54. Qg5+ Kf8 55. Qd8+ Kg7 56. Qg5+ Kf8 57. Qe5 Re3 58. Qh8+ Ke7 59. Rxf2 Re4 60. Qh4+ Ke6 61. Rf1 Re2+ 62. Kh1 1-0


[Site "https://www.chess.com"]

[Event "Titled Tuesday Blitz June 20 Early 2023"]
[White "Jovic, Stanoje"]
[Black "Sethuraman, S.P."]
[WhiteFideId "905020"]
[BlackFideId "5021596"]
[WhiteElo "2236"]
[BlackElo "2543"]
[Result "0-1"]
[Round "1"]
[TimeControl "180+2"]
[Date "2023.06.20"]
[WhiteClock "0:00:00"]
[BlackClock "0:00:11"]
[Board "74"]

1. c4 e5 2. g3 Nf6 3. Bg2 Bc5 4. Nc3 c6 5. Nf3 d6 6. e3 O-O 7. d4 exd4 8. exd4 Re8+ 9. Be3 Bb6 10. O-O Bf5 11. h3 h6 12. Qd2 Nbd7 13. b4 Ne4 14. Nxe4 Bxe4 15. a4 a5 16. b5 Nf6 17. Rfd1 Qd7 18. Ne1 Qf5 19. g4 Qd7 20. Ra3 d5 21. c5 Bc7 22. b6 Bb8 23. Bf4 Bxg2 24. Nxg2 Ne4 25. Qc1 Re7 26. Re1 Bxf4 27. Qxf4 Rae8 28. Rae3 Ng5 29. Rxe7 Rxe7 30. Kh2 Rxe1 31. Nxe1 Ne6 32. Qe3 Qe7 33. f4 Qf6 34. Nf3 Nxf4 35. Ne5 g5 36. Kg3 h5 37. Nf3 h4+ 38. Kh2 Ne6 39. Ne5 Nf4 40. Nf3 Qe6 41. Qxe6 Nxe6 42. Kg2 f6 43. Kf2 Nf4 44. Ke3 Nxh3 45. Nd2 Nf4 46. Kf2 h3 47. Kg3 Ne2+ 48. Kxh3 Nxd4 49. Kg3 Kf7 50. Kf2 Ke6 51. Ke3 Ke5 52. Kd3 f5 53. gxf5 Nxf5 54. Nb3 g4 55. Nxa5 g3 56. Ke2 Nd4+ 0-1


[Site "https://www.chess.com"]

[Event "Titled Tuesday Blitz June 20 Early 2023"]
[White "Maksimovic, Bojan"]
[Black "Gomez Barrera, Javiera Belen"]
[WhiteFideId "14408120"]
[BlackFideId "3418723"]
[WhiteElo "2457"]
[BlackElo "2119"]
[Result "1-0"]
[Round "1"]
[TimeControl "180+2"]
[Date "2023.06.20"]
[WhiteClock "0:01:20"]
[BlackClock "0:00:00"]
[Board "75"]

1. e4 d6 2. d4 Nf6 3. Nc3 e5 4. Nf3 Nbd7 5. Bc4 Be7 6. O-O O-O 7. Re1 h6 8. a4 Re8 9. h3 Bf8 10. a5 Rb8 11. a6 bxa6 12. Bxa6 exd4 13. Nxd4 Bxa6 14. Rxa6 Nc5 15. Rxa7 Qd7 16. Qf3 Rb4 17. Be3 Ncxe4 18. Nxe4 Rxe4 19. Rd1 Rxb2 20. Bxh6 Qe7 21. Be3 Nd5 22. Nf5 Qe5 23. Bd4 1-0


[Site "https://www.chess.com"]

[Event "Titled Tuesday Blitz June 20 Early 2023"]
[White "Bazilius, Augustinas"]
[Black "Lagarde, Maxime"]
[WhiteFideId "12832251"]
[BlackFideId "662399"]
[WhiteElo "1980"]
[BlackElo "2571"]
[Result "0-1"]
[Round "1"]
[TimeControl "180+2"]
[Date "2023.06.20"]
[WhiteClock "0:00:04"]
[BlackClock "0:00:10"]
[Board "76"]

1. d4 d5 2. c4 e6 3. Nf3 Nf6 4. g3 c5 5. cxd5 exd5 6. Bg2 c4 7. Nc3 Bb4 8. O-O O-O 9. Bg5 Bxc3 10. bxc3 h6 11. Bxf6 Qxf6 12. Ne5 Be6 13. e4 dxe4 14. Bxe4 Nc6 15. Nxc6 bxc6 16. Bxc6 Rad8 17. Qf3 Qg5 18. Rab1 Qa5 19. a4 Rb8 20. Rb5 Rxb5 21. axb5 a6 22. bxa6 Qxa6 23. d5 Bh3 24. Rd1 Rd8 25. d6 Bd7 26. Bxd7 Rxd7 27. Qd5 g6 28. Rd4 h5 29. Rxc4 Rxd6 30. Rc8+ Qxc8 31. Qxd6 Qxc3 32. Qf4 Qd3 33. Kg2 Qd5+ 34. Kg1 Kf8 35. Qb8+ Ke7 36. Qc7+ Ke6 37. Qc8+ Kf6 38. Qc3+ Kf5 39. Qc2+ Kg4 40. Qe2+ Kh3 41. Qf1+ Kg4 42. Qe2+ Kf5 43. Qc2+ Qe4 44. Qc8+ Kg5 45. Qd8+ Kf5 46. Qc8+ Qe6 47. Qc2+ Ke5 48. Qe2+ Kd6 49. Qd3+ Qd5 50. Qa6+ Ke5 51. Qe2+ Kd4 52. Qd2+ Kc5 53. Qc3+ Qc4 54. Qe5+ Kb4 55. Qb2+ Qb3 56. Qd4+ Kb5 57. Qe5+ Kc4 58. Qe4+ Kc3 59. Qe3+ Kb2 60. Qd2+ Qc2 61. Qb4+ Kc1 62. Qf4+ Qd2 63. Qxf7 Qd3 64. Kg2 Kd2 65. Qf3 Qb1 66. Qe3+ Kd1 67. f3 Qc2+ 68. Qf2 Qf5 69. Qb2 Qd3 70. Kf2 Qd6 71. Qe2+ Kc1 72. Qe3+ Kc2 73. Qe4+ Kc3 74. Qxg6 Qxg6 0-1


[Site "https://www.chess.com"]

[Event "Titled Tuesday Blitz June 20 Early 2023"]
[White "Sattarov, Bobir"]
[Black "Gheorghiu, Calin"]
[WhiteFideId "14203081"]
[BlackFideId "1200305"]
[WhiteElo "2351"]
[BlackElo "2204"]
[Result "1/2-1/2"]
[Round "1"]
[TimeControl "180+2"]
[Date "2023.06.20"]
[WhiteClock "0:00:06"]
[BlackClock "0:00:07"]
[Board "77"]

1. e4 c5 2. Nf3 d6 3. d4 cxd4 4. Nxd4 Nf6 5. f3 e5 6. Nb3 d5 7. Bg5 d4 8. c3 Nc6 9. cxd4 exd4 10. Bb5 Bb4+ 11. Bd2 O-O 12. Bxc6 Bxd2+ 13. Qxd2 bxc6 14. Qxd4 Qxd4 15. Nxd4 c5 16. Nb3 c4 17. Na5 Ba6 18. Na3 Rab8 19. N5xc4 Rfc8 20. b3 Nd7 21. Rd1 Nc5 22. Kf2 Na4 23. Nd6 Rc3 24. Rd2 Nc5 25. Rhd1 g6 26. Nac4 Rd8 27. Kg3 Bxc4 28. bxc4 Rxd6 29. Rxd6 Nxe4+ 30. Kh3 Nf2+ 31. Kg3 Ne4+ 32. Kf4 Nxd6 33. Rxd6 Rxc4+ 34. Ke5 Rc2 35. Kf6 h5 36. a4 Rxg2 37. Rd8+ Kh7 38. Rd7 Rf2 39. Rxf7+ Kh6 40. Ke5 Rxh2 41. Rxa7 h4 42. a5 Kg5 43. Rg7 Re2+ 44. Kd4 h3 45. a6 Ra2 46. a7 h2 47. Rh7 Rxa7 48. Rxh2 Ra4+ 49. Ke5 Ra5+ 50. Ke4 Ra4+ 51. Ke5 Ra5+ 52. Ke4 Ra4+ 53. Ke3 Ra3+ 54. Ke4 Ra4+ 1/2-1/2


[Site "https://www.chess.com"]

[Event "Titled Tuesday Blitz June 20 Early 2023"]
[White "Titichoca Daza, Daniel"]
[Black "Avinash Ramesh"]
[WhiteFideId "3309550"]
[BlackFideId "45018340"]
[WhiteElo "2101"]
[BlackElo "2300"]
[Result "0-1"]
[Round "1"]
[TimeControl "180+2"]
[Date "2023.06.20"]
[WhiteClock "0:00:00"]
[BlackClock "0:01:04"]
[Board "78"]

1. e4 e5 2. Nf3 Nc6 3. Bb5 a6 4. Ba4 Nf6 5. O-O b5 6. Bb3 Nxe4 7. d4 d5 8. dxe5 Be6 9. Nbd2 Nc5 10. c3 d4 11. Bxe6 Nxe6 12. cxd4 Ncxd4 13. a4 Be7 14. Nxd4 Nxd4 15. Nb3 Ne6 16. Qf3 O-O 17. Rd1 Qb8 18. Na5 Qb6 19. Nc6 Bg5 20. a5 Qc5 21. h4 Bxh4 22. Be3 Qc2 23. g3 Bg5 24. Rac1 Qb3 25. Rc3 Qxb2 26. Bxg5 Nxg5 27. Ne7+ Kh8 28. Qe3 Rad8 29. Rxd8 Rxd8 30. Qxg5 Rd1+ 31. Kg2 Qxc3 32. Nf5 Qxe5 33. f4 Qd5+ 0-1


[Site "https://www.chess.com"]

[Event "Titled Tuesday Blitz June 20 Early 2023"]
[White "Zemlyanskii, Ivan"]
[Black "Heinemann, Josefine"]
[WhiteFideId "24249971"]
[BlackFideId "12900460"]
[WhiteElo "2421"]
[BlackElo "2342"]
[Result "1-0"]
[Round "1"]
[TimeControl "180+2"]
[Date "2023.06.20"]
[WhiteClock "0:00:08"]
[BlackClock "0:00:14"]
[Board "79"]

1. d4 d5 2. Bf4 Nf6 3. e3 c5 4. c3 Nc6 5. Nf3 Qb6 6. Qc2 e6 7. h3 Be7 8. Nbd2 O-O 9. Bd3 Bd7 10. Ne5 Rfd8 11. O-O h6 12. Rad1 Nxe5 13. dxe5 Ne8 14. e4 dxe4 15. Nxe4 Bc6 16. c4 Rd7 17. b3 Rad8 18. Be2 Rxd1 19. Bxd1 Rd7 20. Bf3 Qd8 21. Be3 Bxe4 22. Bxe4 b6 23. f4 f5 24. exf6 Nxf6 25. Bg6 Rd6 26. Qe2 Qd7 27. g4 Nh7 28. Be4 Nf6 29. Bc2 Nh7 30. Qf3 Nf8 31. g5 hxg5 32. fxg5 Qe8 33. Bf4 Rd4 34. Be3 Rd6 35. Qg4 Qd8 36. Qh5 Rd3 37. Bxd3 Qxd3 38. Qf7+ Kh7 39. Qf3 Ng6 40. Bf4 Qd4+ 41. Be3 Qd3 42. Rd1 Qc2 43. Rd7 Qb1+ 44. Kh2 Qxa2+ 45. Kg3 Bf8 46. Qh5+ Kg8 47. Qxg6 Qxb3 48. Qf7+ Kh7 49. g6+ Kh8 50. Qxf8# 1-0


[Site "https://www.chess.com"]

[Event "Titled Tuesday Blitz June 20 Early 2023"]
[White "Lorparizangeneh, Shahin"]
[Black "Rengifo Blancas, Renzo Jhonathan"]
[WhiteFideId "12521604"]
[BlackFideId "3807185"]
[WhiteElo "2526"]
[BlackElo "2085"]
[Result "1-0"]
[Round "1"]
[TimeControl "180+2"]
[Date "2023.06.20"]
[WhiteClock "0:01:39"]
[BlackClock "0:00:47"]
[Board "81"]

1. e4 e5 2. Nf3 d6 3. d4 exd4 4. Nxd4 Nf6 5. Nc3 Be7 6. g3 O-O 7. Bg2 c5 8. Nde2 Nc6 9. O-O Be6 10. Nf4 Re8 11. b3 Bf8 12. Bb2 Nd4 13. Nxe6 fxe6 14. Ne2 e5 15. c3 Ne6 16. f4 exf4 17. gxf4 Qb6 18. c4 Rad8 19. Kh1 Ng4 20. Qd3 Qc7 21. Qg3 Nh6 22. f5 Nd4 23. Nxd4 cxd4 24. Bxd4 Nf7 25. f6 g6 26. e5 dxe5 27. Be3 Rd3 28. Be4 Rc3 29. Bxg6 hxg6 30. Qxg6+ Kh8 31. Qh5+ Kg8 32. Rg1+ Bg7 33. Rxg7+ Kf8 34. Bc5+ 1-0


[Site "https://www.chess.com"]

[Event "Titled Tuesday Blitz June 20 Early 2023"]
[White "Marn, Jan"]
[Black "Lobanov, Sergei"]
[WhiteFideId "14619245"]
[BlackFideId "24183750"]
[WhiteElo "2242"]
[BlackElo "2501"]
[Result "0-1"]
[Round "1"]
[TimeControl "180+2"]
[Date "2023.06.20"]
[WhiteClock "0:00:00"]
[BlackClock "0:00:04"]
[Board "82"]

1. d4 Nf6 2. Nf3 d5 3. e3 Bg4 4. Nbd2 e6 5. h3 Bh5 6. g4 Bg6 7. Ne5 Nfd7 8. Nd3 c5 9. c3 Nc6 10. Nf4 Bd6 11. Nxg6 hxg6 12. Bg2 cxd4 13. exd4 Bf4 14. Nf3 Qc7 15. Bxf4 Qxf4 16. Qd2 Qd6 17. Qe3 O-O-O 18. O-O-O f6 19. Kb1 g5 20. h4 gxh4 21. Nxh4 g5 22. Nf3 Rdg8 23. Rde1 Nf8 24. Nd2 Ne7 25. c4 Rxh1 26. Rxh1 Qf4 27. Qxf4 gxf4 28. Bf3 Nfg6 29. Rh7 Rh8 30. Rxh8+ Nxh8 31. cxd5 exd5 32. Kc2 Nf7 33. Nb1 Ng5 34. Bd1 Kd7 35. Nc3 a6 36. Kd3 Kd6 37. f3 Ne6 38. Ne2 Nc6 39. Ba4 Nb4+ 40. Kc3 Nc6 41. Bc2 Ncd8 42. Bf5 Kc6 43. b4 Kd6 44. Kb3 Ng5 45. Nxf4 Nxf3 46. Nh5 Nxd4+ 47. Kc3 Nxf5 48. gxf5 Ke5 49. Ng7 Nc6 50. a4 Nd8 51. Ne8 Nf7 52. b5 axb5 53. axb5 Nd6 54. Nxd6 Kxd6 55. Kd4 b6 0-1


[Site "https://www.chess.com"]

[Event "Titled Tuesday Blitz June 20 Early 2023"]
[White "Weetik, Vjacheslav"]
[Black "Prydun, Andriy"]
[WhiteFideId "4153472"]
[BlackFideId "14145898"]
[WhiteElo "2469"]
[BlackElo "2164"]
[Result "1-0"]
[Round "1"]
[TimeControl "180+2"]
[Date "2023.06.20"]
[WhiteClock "0:00:08"]
[BlackClock "0:00:20"]
[Board "83"]

1. d4 c6 2. e4 d5 3. e5 Na6 4. Bxa6 bxa6 5. Nd2 a5 6. Ne2 Ba6 7. e6 fxe6 8. c4 c5 9. Nf4 Qd7 10. Nf3 Nf6 11. Ne5 Qc8 12. Qa4+ Nd7 13. Nxe6 Rb8 14. Nxd7 Rb4 15. Nf6+ Kf7 16. Ng5+ Kxf6 17. Qd1 Bxc4 18. g4 h6 19. Qf3+ Kg6 20. Qf7# 1-0


[Site "https://www.chess.com"]

[Event "Titled Tuesday Blitz June 20 Early 2023"]
[White "Andreev, Konstantin"]
[Black "Vakhlamov, Igor L."]
[WhiteFideId "24239305"]
[BlackFideId "24126748"]
[WhiteElo "2106"]
[BlackElo "2407"]
[Result "1-0"]
[Round "1"]
[TimeControl "180+2"]
[Date "2023.06.20"]
[WhiteClock "0:00:25"]
[BlackClock "0:00:09"]
[Board "84"]

1. e4 c5 2. Nf3 e6 3. d4 cxd4 4. Nxd4 Nf6 5. Nc3 Nc6 6. Ndb5 Bc5 7. Bf4 O-O 8. Bc7 Qe7 9. Bd6 Bxd6 10. Qxd6 Qd8 11. Nc7 Rb8 12. O-O-O a6 13. Be2 b5 14. e5 Ne8 15. Nxe8 Rxe8 16. f4 Qb6 17. Kb1 Bb7 18. Bd3 Rbc8 19. Ne4 Red8 20. f5 Qc7 21. f6 Qxd6 22. Nxd6 Rc7 23. Rhe1 Ba8 24. Re3 Nb4 25. fxg7 Rc5 26. a3 Nxd3 27. Rdxd3 Bxg2 28. Rg3 Bc6 29. Rde3 Rd5 30. Kc1 Rd4 31. Re2 a5 32. Rf2 Be4 33. Nxf7 Rb8 34. Nh6# 1-0


[Site "https://www.chess.com"]

[Event "Titled Tuesday Blitz June 20 Early 2023"]
[White "Raja Rithvik R"]
[Black "Begunov, Konstantin"]
[WhiteFideId "35007394"]
[BlackFideId "4118510"]
[WhiteElo "2395"]
[BlackElo "1993"]
[Result "1-0"]
[Round "1"]
[TimeControl "180+2"]
[Date "2023.06.20"]
[WhiteClock "0:01:35"]
[BlackClock "0:00:09"]
[Board "85"]

1. d4 d5 2. c4 c6 3. Nc3 Nf6 4. e3 a6 5. Nf3 Bg4 6. cxd5 Bxf3 7. Qxf3 cxd5 8. Bd2 Nc6 9. Rc1 e6 10. Bd3 Bd6 11. O-O O-O 12. Rfd1 Rc8 13. g3 b5 14. a3 Qb6 15. b4 Nd7 16. Rc2 f5 17. Nxd5 Nxd4 18. exd4 exd5 19. Qxd5+ Kh8 20. Rxc8 Rxc8 21. Qxf5 g6 22. Qxd7 1-0


[Site "https://www.chess.com"]

[Event "Titled Tuesday Blitz June 20 Early 2023"]
[White "Womacka, Mathias"]
[Black "Oro, Faustino"]
[WhiteFideId "4611390"]
[BlackFideId "20000197"]
[WhiteElo "2377"]
[BlackElo "1984"]
[Result "1-0"]
[Round "1"]
[TimeControl "180+2"]
[Date "2023.06.20"]
[WhiteClock "0:00:27"]
[BlackClock "0:00:06"]
[Board "86"]

1. e4 c5 2. Nf3 d6 3. d4 cxd4 4. Nxd4 Nf6 5. Nc3 a6 6. Be2 e5 7. Nb3 Be7 8. O-O O-O 9. Kh1 Be6 10. f4 exf4 11. Bxf4 Nc6 12. Qe1 Ne5 13. Rd1 Qc7 14. Qg3 Rad8 15. Nd4 Ng6 16. Bc1 Bd7 17. Nf5 Bxf5 18. exf5 Ne5 19. Bh6 g6 20. fxg6 fxg6 21. Bxf8 Rxf8 22. Qh3 Kg7 23. Qe6 Bd8 24. Qxd6 Qa5 25. Nd5 Nf7 26. Qb4 Qxb4 27. Nxb4 Re8 28. Bf3 Ba5 29. Nd5 Nd7 30. c3 Nde5 31. Rfe1 Rd8 32. Nf4 Re8 33. Bxb7 Bc7 34. Bxa6 Bb6 35. Bb5 Ra8 36. Nd5 Bc5 37. b4 Ba7 38. h3 Ng5 39. Rxe5 1-0


[Site "https://www.chess.com"]

[Event "Titled Tuesday Blitz June 20 Early 2023"]
[White "Pakleza, Zbigniew"]
[Black "Matyukov, Petr"]
[WhiteFideId "1119290"]
[BlackFideId "4103688"]
[WhiteElo "2410"]
[BlackElo "2278"]
[Result "1-0"]
[Round "1"]
[TimeControl "180+2"]
[Date "2023.06.20"]
[WhiteClock "0:01:30"]
[BlackClock "0:00:09"]
[Board "87"]

1. d4 Nf6 2. Nf3 e6 3. Bf4 Be7 4. e3 c5 5. c3 Nc6 6. h3 O-O 7. Nbd2 b6 8. Bd3 Bb7 9. O-O d6 10. Qe2 Qc7 11. Bh2 h6 12. e4 e5 13. dxe5 dxe5 14. Nc4 Nd7 15. a4 a6 16. Ne3 g6 17. Nd5 Qd8 18. Rfd1 Bd6 19. Bc4 Qb8 20. Qd2 Kg7 21. Ne3 Nd4 22. cxd4 exd4 23. Bxd6 Qxd6 24. Nd5 Rfe8 25. Re1 f5 26. e5 Nxe5 27. Nxe5 Rxe5 28. Rxe5 Qxe5 29. Re1 Qd6 30. Re7+ Kf8 31. Qxh6+ Kg8 1-0


[Site "https://www.chess.com"]

[Event "Titled Tuesday Blitz June 20 Early 2023"]
[White "Manukian, Artak"]
[Black "Schenk, Andreas"]
[WhiteFideId "13301373"]
[BlackFideId "4644891"]
[WhiteElo "2130"]
[BlackElo "2556"]
[Result "1-0"]
[Round "1"]
[TimeControl "180+2"]
[Date "2023.06.20"]
[WhiteClock "0:00:20"]
[BlackClock "0:00:00"]
[Board "88"]

1. e4 c6 2. d4 d5 3. e5 Bf5 4. c4 e6 5. Nc3 Ne7 6. Nf3 Nd7 7. Nh4 dxc4 8. Bxc4 Nb6 9. Bb3 Qd7 10. O-O Bg6 11. Be3 Ned5 12. Nxg6 hxg6 13. Ne4 Be7 14. Qf3 a5 15. a3 a4 16. Ba2 Qc7 17. Rac1 Rh5 18. g3 Qd8 19. Rfd1 Ra5 20. h4 Rb5 21. Rc2 Kf8 22. Bg5 Kg8 23. Bxe7 Nxe7 24. Nd6 Rf5 25. Nxf5 Nxf5 26. Rcd2 Nd5 27. h5 g5 28. Bb1 Nh6 29. Qe4 Kf8 30. Qh7 Ne7 31. Qh8+ Neg8 32. d5 exd5 33. Bh7 Qe7 34. Bxg8 Nxg8 35. Re1 Qe6 36. Kg2 Rxb2 37. Rxb2 b5 38. Qh7 Nh6 39. Qh8+ Ng8 40. Rc2 d4 41. Qh7 Qd5+ 42. Qe4 1-0


[Site "https://www.chess.com"]

[Event "Titled Tuesday Blitz June 20 Early 2023"]
[White "splendidkid"]
[Black "Vega Gutierrez, Sabrina"]
[BlackFideId "2219026"]
[WhiteElo "2755"]
[BlackElo "2209"]
[Result "1-0"]
[Round "1"]
[TimeControl "180+2"]
[Date "2023.06.20"]
[WhiteClock "0:01:12"]
[BlackClock "0:00:23"]
[Board "89"]

1. d4 d5 2. c4 e6 3. Nf3 Nf6 4. Nc3 c6 5. Bg5 Be7 6. e3 O-O 7. Qc2 Nbd7 8. cxd5 exd5 9. Bd3 Re8 10. O-O Ne4 11. Bxe4 dxe4 12. Nxe4 h6 13. Bxe7 Qxe7 14. Nc3 Nf6 15. Rab1 g6 16. Rbc1 Bf5 17. Qb3 Rad8 18. Rfe1 Ne4 19. Ne2 Kg7 20. Ng3 Nxg3 21. hxg3 h5 22. Qc3 Rd5 23. e4 Bxe4 24. Nd2 f5 25. f3 Qd7 26. fxe4 Rxd4 1-0


[Site "https://www.chess.com"]

[Event "Titled Tuesday Blitz June 20 Early 2023"]
[White "Rizzo, Tobias"]
[Black "Csonka, Balazs"]
[WhiteFideId "30942691"]
[BlackFideId "742910"]
[WhiteElo "2442"]
[BlackElo "2404"]
[Result "1/2-1/2"]
[Round "1"]
[TimeControl "180+2"]
[Date "2023.06.20"]
[WhiteClock "0:00:15"]
[BlackClock "0:00:07"]
[Board "90"]

1. d4 d5 2. Bf4 Nf6 3. e3 c5 4. c3 Nc6 5. Nf3 e6 6. Nbd2 cxd4 7. exd4 Nh5 8. Bg3 g6 9. Bd3 Bg7 10. O-O Nxg3 11. hxg3 O-O 12. Re1 f6 13. c4 dxc4 14. Bxc4 Nxd4 15. Nxd4 Qxd4 16. Bxe6+ Bxe6 17. Rxe6 Rad8 18. Qb3 Qd5 19. Ne4 f5 20. Nc3 Qxb3 21. axb3 a6 22. Re7 Rf7 23. Rae1 Rd2 24. Na4 Bxb2 25. Re8+ Kg7 26. Nc5 Kh6 27. Ne6 Bd4 28. Nxd4 Rxd4 29. R1e3 Rb4 30. R8e5 Kg7 31. Rc3 Rd7 32. f4 h5 33. Kf2 h4 34. Kf3 hxg3 35. Kxg3 Rdd4 36. Rf3 Kf6 37. Rc5 Rd7 38. Re3 Rdd4 39. Rf3 Kg7 40. Rc7+ Kh6 41. Re7 a5 42. Rc7 b5 43. Ra7 a4 44. bxa4 bxa4 45. Ra3 Rb3+ 46. Rxb3 axb3 47. Rb7 Rd3+ 48. Kh4 Rc3 49. Rb6 Rd3 50. Rb7 Rd4 51. Rxb3 Rxf4+ 52. Kh3 Ra4 53. Rd3 Kg5 54. Rf3 Rf4 55. Rd3 Rh4+ 56. Kg3 Rg4+ 57. Kh3 Ra4 58. Re3 Kf4 59. Rf3+ Ke5 60. Re3+ Re4 61. Rb3 g5 62. Rb5+ Kf4 63. g3+ Ke3 64. Rxf5 Re8 65. Rxg5 Ke4 66. Rg7 Kf5 67. Rf7+ Kg6 68. Rf4 Re5 69. Kh4 Rh5+ 70. Kg4 Rg5+ 71. Kh3 Rh5+ 72. Rh4 Rf5 73. Ra4 Re5 74. Ra6+ Kg5 75. Ra8 Kg6 76. Rg8+ Kf7 77. Rg4 Kf6 78. Rf4+ Kg5 79. Rb4 Rd5 80. Re4 Ra5 81. Re8 Rb5 82. Rg8+ Kh5 83. g4+ Kh6 84. Kh4 Ra5 85. Rc8 Kg6 86. Rc6+ Kg7 87. g5 Ra1 88. Rc3 Rh1+ 89. Kg4 Rg1+ 90. Kf5 Rf1+ 91. Kg4 Rg1+ 92. Rg3 Rxg3+ 93. Kxg3 Kg6 94. Kg4 Kg7 95. Kf5 Kf7 96. Kf4 Kg6 97. Kg4 Kg7 98. Kf5 Kf7 99. g6+ Kg7 100. Kg5 Kg8 101. Kg4 Kg7 102. Kh5 Kg8 103. Kh6 Kh8 104. Kh5 Kg7 105. Kg5 Kg8 106. Kf6 Kf8 107. g7+ Kg8 108. Kg6 1/2-1/2


[Site "https://www.chess.com"]